Selects Indian Artillery Battlegroup
Construct Section Command Post
Selects Towed ML 4.2-inch Heavy Mortar
Construct Platoon Command Post
Towed ML 4.2-inch Heavy Mortar
Construct Platoon Command Post
Construct Company Command Post
Unlock M3 Grant Medium Tanks
Selects Gurkha Rifles Section
Construct Field Infirmary
Selects Volunteer Infantry
Selects Off-map Airburst Barrage
Selects Perimeter Monitor
6-pounder Anti-tank Gun Team
6-pounder Anti-tank Gun Team
6-pounder Anti-tank Gun Team